 Dungeon Crawl Stone Soup version 0.28-a0-2-g643f2454ad (webtiles) character file.

Game seed: 14778438201429204946

30821 freelancePsychic the Geomancer (level 13, 0/101 HPs)
             Began as a Human Conjurer on July 22, 2021.
             Was a High Priest of Nemelex Xobeh.
             Slain by a cane toad (3 damage)
             ... on level 2 of the Lair of Beasts.
             The game lasted 00:42:07 (16994 turns).

freelancePsychic the Geomancer (Human Conjurer)    Turns: 16994, Time: 00:42:08

Health: 0/101      AC:  9    Str:  8    XL:     13   Next: 91%
Magic:  15/20      EV: 14    Int: 23    God:    Nemelex Xobeh [*****.]
Gold:   213        SH:  5    Dex: 12    Spells: 8/22 levels left

rFire   + . .      SeeInvis +     - Unarmed
rCold   . . .      Faith    .   I - +0 buckler
rNeg    . . .      Spirit   .   c - +1 robe {Archmagi}
rPois   .          Reflect  .   K - +0 helmet {SInv}
rElec   .          Harm     .   u - +1 cloak
rCorr   .          Rampage  .   g - +2 pair of gloves
Will    .....      Archmagi +   (no boots)
Stlth   ++........              (no amulet)
HPRegen 0.26/turn               r - ring of protection from fire
MPRegen 0.17/turn               d - ring of wizardry

@: lethally poisoned (0 -> -20), very slightly contaminated
A: no striking features
a: Renounce Religion, Draw Escape, Draw Destruction, Draw Summoning, Triple
Draw, Deal Four, Stack Five


You were on level 2 of the Lair of Beasts.
You worshipped Nemelex Xobeh.
Nemelex Xobeh was extremely pleased with you.
You visited 3 branches of the dungeon, and saw 13 of its levels.
You also visited: Bailey and Volcano.

You collected 753 gold pieces.
You spent 540 gold pieces at shops.

Inventory:

Armour
 c - a +1 robe of the Archmagi (worn)
 g - a +2 pair of gloves (worn)
 o - the +3 kite shield "Faub" {rPois rF++}
   (You acquired it in a bailey)

   rF:        It greatly protects you from fire.
   rPois:     It protects you from poison.
 u - a +1 cloak (worn)
 F - a +2 robe of willpower
 I - a +0 buckler (worn)
 K - a +0 helmet of see invisible (worn)
Magical Staves
 a - a staff of conjuration
Jewellery
 d - a ring of wizardry (right hand)
 i - a +6 ring of intelligence
 r - a ring of protection from fire (left hand)
Wands
 y - a wand of flame (22)
 z - a wand of mindburst (11)
 B - a wand of acid (12)
 C - a wand of iceblast (13)
 E - a wand of polymorph (8)
 G - a wand of charming (8)
 H - a wand of digging (5)
Scrolls
 b - 5 scrolls of blinking
 e - a scroll of brand weapon
 f - 8 scrolls of teleportation {@r4}
 m - 5 scrolls of enchant armour
 n - a scroll of enchant weapon
 w - 2 scrolls of amnesia
 A - a scroll of noise
 D - a scroll of fear {unknown}
Potions
 h - 2 potions of degeneration {unknown}
 j - 3 potions of lignification {unknown}
 k - 3 potions of haste {@q3}
 l - 6 potions of curing {unknown}
 p - 4 potions of flight
 q - 4 potions of heal wounds {@q2}
 s - a potion of brilliance {unknown}
 t - a potion of magic {unknown}
 v - 2 potions of resistance {unknown}
 x - 3 potions of mutation {unknown}
 J - 2 potions of attraction {unknown}
 L - a potion of might {unknown}


   Skills:
 - Level 9.0 Fighting
 - Level 7.0 Dodging
 - Level 2.0 Stealth
 + Level 4.0 Shields
 + Level 4.3 Unarmed Combat
 - Level 5.0 Spellcasting
 - Level 10.0 Conjurations
 - Level 6.8 Transmutations
 - Level 12.0 Earth Magic
 - Level 7.1 Invocations


You had 8 spell levels left.
You knew the following spells:

 Your Spells              Type           Power      Damage    Failure   Level
a - Statue Form           Tmut/Erth      43%        N/A       12%         6
b - Searing Ray           Conj           100%       3d7       1%          2
c - Iron Shot             Conj/Erth      35%        9d7       6%          6

Your spell library contained the following spells:

 Spells                   Type           Power      Damage    Failure   Level
 Magic Dart               Conj           100%       1d8       1%          1
 Static Discharge         Conj/Air       43%        N/A       1%          2
 Conjure Flame            Conj/Fire      43%        6-21      1%          3
 Dazzling Flash           Conj/Hex       86%        N/A       1%          3
 Iskenderun's Battlesphe  Conj           67%        2d12      1%          5
 Leda's Liquefaction      Hex/Erth       25%        N/A       3%          4
 Corona                   Hex            8%         N/A       4%          1
 Ignite Poison            Fire/Tmut/Pois 24%        N/A       4%          3
 Fulminant Prism          Conj/Hex       21%        3d13      4%          4
 Iskenderun's Mystic Bla  Conj/Tloc      43%        2d10      4%          4
 Sticky Flame             Conj/Fire      43%        2d6       4%          4
 Bolt of Magma            Conj/Fire/Erth 28%        4d13      5%          5
 Ensorcelled Hibernation  Hex/Ice        16%        N/A       6%          2
 Tukima's Dance           Hex            8%         N/A       12%         3
 Lightning Bolt           Conj/Air       21%        1d36      13%         5
 Spellforged Servitor     Conj/Summ      21%        N/A       98%         7
 Maxwell's Capacitive Co  Air            4%         ∞         100%        8


Dungeon Overview and Level Annotations

Branches:
Dungeon (10/15)            Temple (1/1) D:5            Lair (2/6) D:9
 Bailey (visited)         Volcano (visited)
  Swamp: Lair:2-4    Shoals: Lair:2-4     Snake: Lair:2-4    Spider: Lair:2-4
    Orc: D:9-12

Altars:
Cheibriados
Elyvilon
Gozag
Nemelex Xobeh
Ru
Trog
Uskayaw
Xom
Yredelemnul

Shops:
D:8 :(?   D:9 **   D:10 [

Annotations:
D:2 exclusion: downstairs


Message History

You punch the water moccasin!
The water moccasin is moderately wounded.
The water moccasin barely misses you. The cane toad barely misses you.
The cane toad closely misses you.
The water moccasin bites you but does no damage.
You pummel the water moccasin!!
You kill the water moccasin!
The cane toad stings you but does no damage.
The cane toad barely misses you.
The cane toad stings you but does no damage. x2
The cane toad stings you!
Your Shields skill increases to level 4!
You punch the cane toad!
The cane toad is moderately wounded.
The cane toad misses you.
The cane toad stings you but does no damage.
You block the cane toad's attack. The cane toad closely misses you.
The cane toad misses you.
You pummel the cane toad!!
The cane toad is almost dead.
You revert to your normal fleshy form.
Your +2 pair of gloves unmelds from your body.
Your +1 robe of the Archmagi unmelds from your body.
You feel powerful. The cane toad stings you!!
The cane toad stings you but does no damage.
The cane toad stings you!
* * * LOW HITPOINT WARNING * * *
The cane toad barely misses you. The cane toad stings you!
* * * LOW HITPOINT WARNING * * *
You are lethally poisoned!
The cane toad poisons you! The cane toad misses you.
You hit the cane toad.
You kill the cane toad!
* * * LOW HITPOINT WARNING * * *
You feel very sick. The cane toad stings you!
* * * LOW HITPOINT WARNING * * *
The cane toad stings you.
You die...
Your body glows slightly and disappears.

**,,,,,,,,****,,,,**
*....,##.#***,,,,**
**#...#.#.###.,,,,* ****
*,#..#..#.#.)P,*,,* * *≈≈*
**,..........(,**,* * **≈****
**#.......(.P,,,,* * ***♣≈.≈*,*
#......(.(.,,,,*** **≈*≈≈[.,**
##F.....P(.,,*,**, *≈≈≈≈....*
#@..†..((..,,*,**,
*≈≈≈≈....##*###PF....(...,,,,*,*
*≈≈≈≈....#.*#............,,,,*,*
**≈*≈......###....#.....#*,,,,,+
**≈≈♣...................*,,,*,*
*≈*≈####...#.###.......,,,,*,*
***** ##..#### *..##...*,,,**,
#...# *#......*,,,**, ##..†##
#....,***,,***


You could see 2 cane toads.

Vanquished Creatures
  An orc warlord (Bailey)
  Snorg (D:10)
  2 two-headed ogres
  A tengu warrior (D:10)
  3 lindwurms
  3 molten gargoyles (Volcano)
  Joseph (D:7)
  2 cane toads (Lair:2)
  3 efreet (Volcano)
  A komodo dragon (Lair:1)
  A tengu conjurer (D:9)
  2 hornets
  3 trolls
  A shadow (D:10)
  A wyvern (D:6)
  13 yaks
  3 fire elementals (Volcano)
  4 water moccasins
  2 black bears
  A hornet zombie (D:9)
  8 orc warriors
  An ice beast (D:6)
  7 centaurs
  2 ogres
  2 lemures (D:7)
  2 phantoms (D:5)
  4 scorpions
  6 bullfrogs
  A gnoll sergeant (D:7)
  2 earth elementals (Volcano)
  A water moccasin zombie (D:6)
  A wyvern skeleton (D:6)
  The ghost of lewky the Chopper, a weakling HOGl (D:4)
  4 wights (D:8)
  2 howler monkeys
  6 centaur zombies
  2 bullfrog zombies
  A jelly (D:7)
  2 orc priests
  A bullfrog skeleton (D:7)
  A hound (D:7)
  5 centaur skeletons
  4 iguanas
  Jessica (D:3)
  7 orc wizards
  7 hell rats (Lair:1)
  A hound skeleton (D:5)
  5 gnolls
  2 howler monkey skeletons
  5 adders
  2 shadow imps (D:7)
  2 white imps (D:7)
  2 ufetubi (D:4)
  2 worms (D:3)
  3 dart slugs
  18 orcs
  5 endoplasms
  4 giant cockroaches
  14 goblins
  11 hobgoblins
  4 jackals (D:5)
  8 quokkas
  2 ball pythons
  A ball python zombie (D:3)
  3 bats
  A frilled lizard (D:2)
  A giant cockroach zombie (D:3)
  20 kobolds
  21 rats
267 creatures vanquished.

Vanquished Creatures (collateral kills)
  Pikel (D:7)
  A molten gargoyle (Volcano)
  Menkaure (D:7)
  Duvessa (D:7)
  A sky beast (D:5)
  Blork the orc (D:6)
  A bullfrog (D:7)
  A wyvern skeleton (D:7)
  Dowan (D:7)
  A centaur skeleton (D:5)
  A white imp (D:6)
11 creatures vanquished.

Vanquished Creatures (others)
  A rat (D:4)
  A fire vortex (Volcano)
  44 fungi
  44 plants
90 creatures vanquished.

Grand Total: 368 creatures vanquished

Notes
Turn   | Place    | Note
-------+----------+-------------------------------------------
     0 | D:1      | freelancePsychic the Human Conjurer began the quest for the
                  | Orb.
     0 | D:1      | Reached XP level 1. HP: 13/13 MP: 3/3
   290 | D:1      | Reached XP level 2. HP: 19/19 MP: 0/5
   607 | D:1      | Learned a level 2 spell: Searing Ray
   788 | D:1      | Reached XP level 3. HP: 24/24 MP: 2/7
   900 | D:1      | Found a faded altar of an unknown god.
  1949 | D:2      | Reached XP level 4. HP: 30/30 MP: 3/8
  2007 | D:2      | Found a sparkling altar of Nemelex Xobeh.
  2012 | D:2      | Reached skill level 5 in Conjurations
  2023 | D:2      | Became a worshipper of Nemelex Xobeh the Trickster
  2417 | D:2      | Reached skill level 1 in Invocations
  2975 | D:2      | Reached skill level 1 in Fighting
  2975 | D:2      | Reached XP level 5. HP: 37/37 MP: 5/9
  3074 | D:3      | Noticed Sigmund
  3404 | D:3      | Reached * piety under Nemelex Xobeh
  3543 | D:3      | Received a gift from Nemelex Xobeh
  3577 | D:3      | Noticed Jessica
  3580 | D:3      | Killed Jessica
  4183 | D:3      | Noticed Sigmund
  4183 | D:3      | Sigmund changed into Sigmund the bat
  4185 | D:3      | Killed Sigmund the bat
  4354 | D:3      | Reached XP level 6. HP: 44/44 MP: 4/10
  4413 | D:3      | Found a sacrificial altar of Ru.
  4414 | D:3      | Found an opulent altar of Gozag.
  4572 | D:3      | Found a basalt altar of Yredelemnul.
  4798 | D:4      | Received a gift from Nemelex Xobeh
  5112 | D:4      | Noticed lewky's ghost (weakling HOGl)
  5113 | D:4      | Found a runed translucent door.
  5152 | D:4      | Killed lewky's ghost
  5226 | D:4      | Noticed an ogre
  5230 | D:4      | Killed an ogre
  5258 | D:4      | Reached ** piety under Nemelex Xobeh
  5327 | D:4      | Identified the +0 robe of the Sturgeon {rPois}
  6035 | D:5      | Entered Level 5 of the Dungeon
  6104 | D:5      | Reached XP level 7. HP: 52/52 MP: 5/11
  6175 | D:5      | Learned a level 6 spell: Iron Shot
  6269 | D:5      | Reached skill level 1 in Earth Magic
  6366 | D:5      | Found a staircase to the Ecumenical Temple.
  6447 | D:5      | Reached skill level 2 in Earth Magic
  6460 | Temple   | Entered the Ecumenical Temple
  6545 | D:5      | Reached XP level 8. HP: 60/60 MP: 12/12
  7048 | D:6      | Received a gift from Nemelex Xobeh
  7048 | D:6      | Found a shimmering altar of Xom.
  7108 | D:6      | Reached skill level 3 in Earth Magic
  7191 | D:6      | Found a hide-covered altar of Uskayaw.
  7383 | D:6      | Noticed a troll
  7383 | D:6      | an ogre changed into a troll
  7386 | D:6      | Killed a troll
  7387 | D:6      | Reached skill level 4 in Earth Magic
  7387 | D:6      | Reached skill level 5 in Invocations
  7566 | D:6      | Noticed Blork the orc
  7574 | D:6      | Killed Blork the orc
  7715 | D:6      | Reached skill level 5 in Earth Magic
  7715 | D:6      | Reached XP level 9. HP: 31/66 MP: 2/13
  8235 | D:7      | Noticed Duvessa
  8235 | D:7      | Noticed Dowan
  8661 | D:7      | Noticed Menkaure
  8666 | D:7      | Killed Menkaure
  8667 | D:7      | Reached skill level 6 in Earth Magic
  8694 | D:7      | Killed Duvessa
  8697 | D:7      | Killed Dowan
  8798 | D:7      | Noticed Joseph
  8812 | D:7      | Reached *** piety under Nemelex Xobeh
  8831 | D:7      | Noticed a hornet
  9156 | D:7      | Noticed Pikel
  9171 | D:7      | Killed Pikel
  9408 | D:8      | Found Hisucaxe's Book Boutique.
  9417 | D:8      | Found Rionixta's Antique Weapon Boutique.
  9616 | D:8      | Reached skill level 7 in Earth Magic
  9666 | D:8      | Noticed a two-headed ogre
  9855 | D:7      | Killed Joseph
  9856 | D:7      | Reached XP level 10. HP: 35/73 MP: 7/15
 10104 | D:7      | Reached skill level 8 in Earth Magic
 10574 | D:8      | Found Kumeuth's Magic Scroll Shoppe.
 10618 | D:8      | Found a bloodstained altar of Trog.
 10862 | D:8      | Killed a two-headed ogre
 11008 | D:8      | Reached skill level 9 in Earth Magic
 11335 | D:9      | Reached skill level 5 in Spellcasting
 11372 | D:9      | Found a flagged portal.
 11379 | Bailey   | Entered a bailey
 11473 | Bailey   | Noticed an orc warlord
 11789 | Bailey   | Found a runed translucent gate.
 11792 | Bailey   | Found a runed translucent gate.
 11793 | Bailey   | Found a runed translucent gate.
 11937 | Bailey   | Reached skill level 10 in Conjurations
 11937 | Bailey   | Reached skill level 12 in Earth Magic
 11937 | Bailey   | Reached XP level 11. HP: 78/78 MP: 18/18
 11962 | Bailey   | Killed an orc warlord
 11963 | Bailey   | Reached skill level 5 in Fighting
 11963 | Bailey   | Reached XP level 12. HP: 86/86 MP: 1/19
 12005 | Bailey   | Identified the +1 great sword of Qipojeicw {vorpal, Will+
                  | Int+3}
 12008 | Bailey   | Reached skill level 5 in Dodging
 12008 | Bailey   | Reached skill level 5 in Transmutations
 12008 | Bailey   | Reached XP level 13. HP: 96/96 MP: 5/20
 12009 | Bailey   | Acquired the +3 kite shield "Faub" {rPois rF++}
 12157 | D:9      | Found Horesen's Changing Room.
 12177 | D:9      | Noticed an angel
 12178 | D:9      | Found Gobrat's Hallowed Reliquary.
 12482 | D:9      | Found a staircase to the Lair.
 12913 | D:10     | Entered Level 10 of the Dungeon
 12920 | D:10     | Noticed Snorg
 13081 | D:10     | Found a snail-covered altar of Cheibriados.
 13239 | D:10     | Found Cheibriados's Comfort Zone.
 13551 | D:10     | Received a gift from Nemelex Xobeh
 13580 | D:10     | Reached **** piety under Nemelex Xobeh
 13669 | D:10     | Killed Snorg
 13891 | D:8      | Bought a book of Stone for 540 gold pieces
 13898 | D:8      | Learned a level 6 spell: Statue Form
 14051 | D:10     | Reached skill level 1 in Unarmed Combat
 14642 | Lair:1   | Entered Level 1 of the Lair of Beasts
 14642 | Lair:1   | Received a gift from Nemelex Xobeh
 14734 | Lair:1   | Reached skill level 1 in Shields
 14821 | Lair:1   | Received a gift from Nemelex Xobeh
 15165 | Lair:1   | Received a gift from Nemelex Xobeh
 15187 | Lair:1   | Reached ***** piety under Nemelex Xobeh
 15266 | Lair:1   | Found a white marble altar of Elyvilon.
 15968 | Lair:2   | Found a dark tunnel.
 16007 | Volcano  | Entered a volcano
 16994 | Lair:2   | HP: 3/101 [cane toad (12)]
 16994 | Lair:2   | Slain by a cane toad

Illustrated notes

Levels and vault maps discovered:
D:1:      minmay_arrival_four_houses, layout_basic,
          ebering_ecumenical_altar_mist, minmay_strange_pillars
D:2:      layout_loops_ring, basic_altar
D:3:      layout_loops_corners, gammafunk_temple_overflow_statue,
          lemuel_zombie_altar_yredelemnul, uniq_jessica, uniq_sigmund
D:4:      layout_basic, gammafunk_ghost_grave, minmay_rat_hole
D:5:      layout_rooms, temple_green
D:6:      layout_basic, mainiacjoe_overflow_24_doors,
          mainiacjoe_overflow_tiny_flanked, minmay_fountain_box,
          nrook_pool_corridor, uniq_blork_the_orc
D:7:      layout_rooms, minmay_increasing_density, uniq_menkaure, uniq_pikel,
          uniq_duvessa, uniq_joseph
D:8:      layout_basic, bloody_trog, serial_shops, nicolae_shop_waterfront,
          shop, nicolae_stop_n_shop_1
D:9:      layout_roguey, due_lair_maze_entry_diamond, enter_bailey_3,
          nicolae_transmutations_shop, nicolae_good_shop
D:10:     layout_irregular_city, minmay_shop_chei, uniq_snorg
Temple:   regret_index_temple_sphere_string
Lair:1:   layout_regular_city, lemuel_centaur_altar
Lair:2:   nzn_winding_woodlands_stair_cross [nzn_winding_woodlands_5x15_cabin,
          nzn_winding_woodlands_center_triple_pond,
          nzn_winding_woodlands_5x15_parted, nzn_winding_woodlands_5x5_three,
          nzn_winding_woodlands_5x5_open_star,
          nzn_winding_woodlands_5x15_river_crossing,
          nzn_winding_woodlands_center_garden,
          nzn_winding_woodlands_5x15_zeroes], layout_misc_corridors,
          nicolae_volcano_entry_vermiform, lemuel_fruit_tree,
          serial_bayou_shore_b

Skill      XL: |  1  2  3  4  5  6  7  8  9 10 11 12 13 |
---------------+----------------------------------------+-----
Spellcasting   | 3 5 |  5.0
Conjurations   | 5 6 7 10 | 10.0
Invocations    | 1 2 3 4 6 7 |  7.1
Fighting       | 1 2 3 4 5 7 9 |  9.0
Earth Magic    | 2 5 7 12 | 12.0
Dodging        | 3 5 7 |  7.0
Transmutations | 2 5 6 |  6.8
Unarmed Combat | 4 |  4.3
Shields        | 4 |  4.0
Stealth        | |  2.0

Action                   |  1- 3 |  4- 6 |  7- 9 | 10-12 | 13-15 || total
-------------------------+-------+-------+-------+-------+-------++-------
Melee: Unarmed           |     6 |       |       |       |   117 ||   123
       Dagger            |       |    22 |    47 |       |       ||    69
       Staff             |       |       |       |     3 |       ||     3
 Cast: Magic Dart        |    15 |     1 |       |    31 |     4 ||    51
       Searing Ray       |    20 |    50 |    52 |    30 |    23 ||   175
       Iron Shot         |       |       |       |     3 |    41 ||    44
       Statue Form       |       |       |       |       |    10 ||    10
Invok: Draw Destruction  |       |     4 |    12 |       |    12 ||    28
       Draw Summoning    |       |     2 |     5 |       |     2 ||     9
       Draw Escape       |       |       |     2 |     3 |     1 ||     6
Evoke: Wand              |       |       |       |     3 |     8 ||    11
  Use: Potion            |       |     2 |       |     3 |       ||     5
       Scroll            |       |     2 |     8 |     3 |     3 ||    16
 Stab: Sleeping          |       |       |     2 |       |       ||     2
Armor: Robe              |     2 |     3 |    18 |    15 |    26 ||    64
       Ring mail         |       |     5 |     4 |       |       ||     9
       Leather armour    |       |       |    38 |       |       ||    38
       Skin              |       |       |       |       |   100 ||   100
Dodge: Dodged            |    14 |    33 |    84 |    45 |   230 ||   406
Block: Buckler           |       |       |       |       |    17 ||    17

Table legend: (Time is in decaauts)
 A = Elapsed time spent in this place.
 B = Non-inter-level travel time spent in this place.
 C = Inter-level travel time spent in this place.
 D = Time resting spent in this place.
 E = Time spent auto-exploring this place.
 F = Levels seen in this place.
 G = Mean time per level.
                   A        B        C        D        E       F      G
               +--------+--------+--------+--------+--------+-----+--------+
         Total |  17259 |  16536 |    723 |   2206 |  11981 |  15 | 1150.6 |
       Dungeon |  13933 |  13230 |    703 |   1329 |  10201 |  10 | 1393.3 |
        Temple |     69 |     69 |      0 |     58 |      0 |   1 |   69.0 |
          Lair |   1559 |   1539 |     20 |    379 |    917 |   2 |  779.5 |
        Bailey |    702 |    702 |      0 |     96 |    428 |   1 |  702.0 |
       Volcano |    994 |    994 |      0 |    344 |    435 |   1 |  994.0 |
               +--------+--------+--------+--------+--------+-----+--------+

Top non-repeatable levels by time:
     D:1: 1722 daAuts
     D:3: 1587 daAuts
     D:7: 1532 daAuts
     D:6: 1524 daAuts
     D:8: 1450 daAuts
     D:2: 1378 daAuts
     D:9: 1352 daAuts
     D:4: 1348 daAuts
  Lair:1: 1308 daAuts
    D:10: 1161 daAuts
 Volcano: 994 daAuts
     D:5: 875 daAuts
  Bailey: 702 daAuts
  Lair:2: 251 daAuts
  Temple: 69 daAuts
